 Dungeon Crawl Stone Soup version 0.28.0-53-g5a82cb258f (webtiles) character file.

Game seed: 6762913944129026169

345 styxcanada the Covert (level 6, -1/30 HPs)
             Began as a Spriggan Brigand on June 12, 2022.
             Slain by an ice beast (13 damage)
             ... on level 3 of the Dungeon on June 13, 2022.
             The game lasted 00:11:13 (3019 turns).

styxcanada the Covert (Spriggan Brigand)            Turns: 3019, Time: 00:11:13

Health: -1/30      AC:  3    Str:  7    XL:     6   Next: 32%
Magic:  7/9        EV: 18    Int: 13    God:
Gold:   53         SH:  0    Dex: 18    Spells: 4/8 levels left

rFire   . . .      SeeInvis +   g - +1 dagger (flame)
rCold   . . .      Faith    .   (no shield)
rNeg    . . .      Spirit   .   b - +0 robe
rPois   .          Reflect  .   (helmet restricted)
rElec   .          Harm     .   c - +0 cloak
rCorr   .          Rampage  .   (gloves unavailable)
Will    +....                   (boots unavailable)
Stlth   ++++......              (no amulet)
HPRegen 0.10/turn               (no ring)
MPRegen 0.11/turn               (no ring)

@: very quick
A: very small, no large weapons, unfitting armour, see invisible, speed 3
a: no special abilities


You were on level 3 of the Dungeon.
You visited 1 branch of the dungeon, and saw 3 of its levels.

You collected 67 gold pieces.
You spent 14 gold pieces at shops.

Inventory:

Hand Weapons
 a - a +2 dagger
 g - a +1 dagger of flaming (weapon)
 l - a +0 short sword of venom
 p - a +0 hunting sling
Missiles
 d - a poisoned dart (quivered)
 e - 2 curare-tipped darts
 h - 76 stones
 o - 45 sling bullets
Armour
 b - a +0 robe (worn)
 c - a +0 cloak (worn)
Potions
 f - a potion of curing
 i - a potion of attraction {unknown}
 j - a potion of heal wounds
 k - a potion of haste {unknown}
 m - a potion of mutation
 n - a potion of might


   Skills:
 * Level 2.1 Fighting
 + Level 3.2 Short Blades
 + Level 2.0 Throwing
 * Level 2.9 Dodging
 * Level 9.2 Stealth
 * Level 1.9 Spellcasting
 * Level 0.7 Conjurations
 * Level 0.2 Hexes
 * Level 1.2 Air Magic


You had 4 spell levels left.
You knew the following spells:

 Your Spells              Type           Power      Damage    Failure   Level
a - Shock                 Conj/Air       12%        1d3       17%         1
b - Confusing Touch       Hex            1%         N/A       56%         3

Your spell library contained the following spells:

 Spells                   Type           Power      Damage    Failure   Level
 Yara's Violent Unravell  Hex/Tmut       0%         3d3       100%        5
 Enfeeble                 Hex            0%         N/A       100%        7


Dungeon Overview and Level Annotations

Branches:
Dungeon (3/15)

Altars:
Xom

Shops:
D:3 !


Innate Abilities, Weirdness & Mutations

You are very small and have problems with some larger weapons.
You are too small for most types of armour.
You have supernaturally acute eyesight. (SInv)
You cover ground extremely quickly. (Speed+++)


Message History

Press: ? - help, Shift-Dir - straight line, f/p - ice beast
Aim: an ice beast (heavily wounded, poisoned, 64% to hit)
You miscast Shock.
You are very lightly contaminated with residual magic.
Nothing appears to happen.
You completely miss the ice beast.
The ice beast is heavily wounded.
The ice beast hits you but does no damage.
You barely miss the ice beast. Your punch misses the ice beast.
The ice beast is heavily wounded.
The ice beast looks more healthy.
The ice beast barely misses you.
You hit the ice beast but do no damage.
The ice beast is heavily wounded.
The ice beast completely misses you.
You hit the ice beast.
You melt the ice beast.
The ice beast is heavily wounded.
The ice beast hits you. The ice beast freezes you!
You hit the ice beast but do no damage.
The ice beast is heavily wounded.
The ice beast misses you.
You barely miss the ice beast.
The ice beast is heavily wounded.
The ice beast completely misses you.
You hit the ice beast.
You melt the ice beast.
The ice beast is severely wounded.
Your magical contamination has completely faded away.
You barely miss the ice beast.
You punch the ice beast, but do no damage.
The ice beast is severely wounded.
The ice beast closely misses you.
You hit the ice beast.
You melt the ice beast.
The ice beast is almost dead.
The ice beast closely misses you.
You hit the ice beast but do no damage.
The ice beast is almost dead.
The ice beast closely misses you.
You hit the ice beast.
You melt the ice beast.
The ice beast is almost dead.
The ice beast hits you. The ice beast freezes you!
You die...

#.Y?.#.##.# #.
#...#.### #.
#..#.## #. #.#.##
#. ##(## #.
#.#.## #.
#....##.#
#.#######........
#.@Y...(.........
###########.###.#
.# .# .. # ###


You could see an ice beast.

Vanquished Creatures
  Grinder (D:3)
  Terence (D:3)
  Natasha (D:3)
  3 adders (D:3)
  A worm (D:2)
  2 dart slugs (D:1)
  2 orcs (D:3)
  7 bats
  7 endoplasms
  3 giant cockroaches
  4 goblins
  8 hobgoblins
  3 jackals (D:1)
  9 kobolds
  2 quokkas (D:1)
  5 ball pythons
  3 frilled lizards
  2 rats
64 creatures vanquished.

Vanquished Creatures (others)
  A fungus (D:1)
1 creature vanquished.

Grand Total: 65 creatures vanquished

Notes
Turn   | Place    | Note
-------+----------+-------------------------------------------
     0 | D:1      | styxcanada the Spriggan Brigand began the quest for the
                  | Orb.
     0 | D:1      | Reached XP level 1. HP: 10/10 MP: 2/2
    33 | D:1      | Reached skill level 6 in Stealth
   291 | D:1      | Reached XP level 2. HP: 14/14 MP: 3/3
   486 | D:1      | Reached skill level 7 in Stealth
   728 | D:1      | Reached XP level 3. HP: 18/18 MP: 4/4
  1163 | D:1      | Found a faded altar of an unknown god.
  1172 | D:1      | Got Plato's Compendium of Air
  1505 | D:2      | Learned a level 1 spell: Shock
  1899 | D:2      | Found a shimmering altar of Xom.
  2157 | D:3      | Noticed Grinder
  2160 | D:3      | Killed Grinder
  2161 | D:3      | Reached skill level 9 in Stealth
  2161 | D:3      | Reached skill level 1 in Spellcasting
  2161 | D:3      | Reached XP level 4. HP: 23/23 MP: 5/7
  2161 | D:3      | Reached XP level 5. HP: 26/26 MP: 5/8
  2165 | D:3      | Learned a level 3 spell: Confusing Touch
  2235 | D:3      | Noticed an ice beast
  2256 | D:3      | Reached XP level 6. HP: 25/30 MP: 9/9
  2455 | D:3      | Noticed Natasha
  2465 | D:3      | Killed Natasha
  2466 | D:3      | Reached skill level 1 in Air Magic
  2683 | D:3      | Found Norasyla's Distillery.
  2691 | D:3      | Bought a potion of degeneration for 14 gold pieces
  2772 | D:3      | Noticed Terence
  2807 | D:3      | Killed Terence
  3019 | D:3      | Slain by an ice beast

Illustrated notes

Levels and vault maps discovered:
D:1:      roderic_octagonal_star, layout_basic, serial_glass, glass_columns_a,
          glass_columns_a, feat_on_display, due_unseen_surprise,
          minmay_strange_pillars, minmay_strange_pillars,
          shapermc_ecumenical_altar_rom_forum
D:2:      layout_basic, basic_altar
D:3:      wad_pebble_path, layout_loops_ring, serial_shops, shop_fountains,
          uniq_terence, uniq_natasha, uniq_grinder

Skill      XL: |  1  2  3  4  5  6 |
---------------+-------------------+-----
Stealth        | 6 7 9 |  9.2
Dodging        | 2 |  2.9
Fighting       | 2 |  2.1
Spellcasting   | 1 |  1.9
Short Blades   | 3 |  3.2
Air Magic      | 1 |  1.2
Throwing       | |  2.0
Conjurations   | |  0.7
Hexes          | |  0.2

Action                   |  1- 3 |  4- 6 || total
-------------------------+-------+-------++-------
Melee: Dagger            |   129 |    75 ||   204
       Punch             |     1 |     2 ||     3
Throw: Dart              |     1 |    21 ||    22
 Cast: Shock             |       |     7 ||     7
  Use: Scroll            |       |     7 ||     7
 Stab: Sleeping          |    22 |     8 ||    30
       Distracted        |     1 |       ||     1
Armor: Robe              |     9 |     6 ||    15
Dodge: Dodged            |    69 |    54 ||   123
